AoeStats
← [NICE_ASS] BigMasi

Arabia

504789738Analyzed
3v3 RM · 26d ago on Sep 6, 2026· 30m 18s· 6 players
Game mode
Random Map
Map size
Normal (6 player)
Population
200
Speed
Normal
Resources
Standard
Victory
Conquest
Starting age
Dark Age
Ending age
Imperial Age
RankedLock teamsTeams togetherTeam positionsShared explorationLock speedFull tech treeHidden civsTurbo modeCheats
Victory
Defeat
🇧🇷 Vietnamese · Brazil
1268
+15
🇵🇪 Ethiopians · Peru
1251
+16
🇨🇴 Byzantines · Colombia
1201
+17
🇧🇪 Franks · Belgium
1264
-17
🇧🇷 Sicilians · Brazil
1231
-16
🇨🇭 Hindustanis · Switzerland
1227
-15
VikingBlood87
3:27 Loom
10:34 Feudal Age
15:13 Forging
16:00 Scale Barding Armor
23:48 Castle Age
26:05 Iron Casting
28:49 Husbandry
28:41 Pikeman
brayanis_12
6:11 Loom
10:04 Feudal Age
10:37 Double-Bit Axe
12:25 Fletching
14:49 Horse Collar
18:13 Wheelbarrow
22:06 Castle Age
21:40 Gold Mining
22:45 Bodkin Arrow
22:57 Thumb Ring
23:44 Crossbowman
25:20 Padded Archer Armor
25:47 Bow Saw
26:35 Gold Shaft Mining
25:59 Town Watch
30:24 Ballistics
Reiiy_
7:01 Loom
10:06 Feudal Age
10:38 Double-Bit Axe
12:14 Fletching
16:13 Horse Collar
29:11 Castle Age
27:23 Padded Archer Armor
27:22 Gold Mining
28:07 Town Watch
29:12 Crossbowman
29:48 Bodkin Arrow
30:25 Leather Archer Armor
30:22 Bow Saw
31:22 Wheelbarrow
Chiki_Chiki_BANGBANG
8:55 Loom
11:13 Feudal Age
22:37 Castle Age
PradoTestes
8:29 Loom
10:18 Feudal Age
11:11 Loom
14:37 Castle Age
13:09 Scale Mail Armor
28:55 Double-Bit Axe
30:16 Horse Collar
[NICE_ASS] BigMasi
8:37 Loom
11:06 Feudal Age
11:57 Double-Bit Axe
18:10 Horse Collar
22:08 Castle Age
22:34 Fletching
22:19 Elite Skirmisher
23:12 Padded Archer Armor
26:52 Bodkin Arrow
Connection lost

Rejoining the realm…

Still unreachable

The connection could not be restored.

Session expired

The server has moved on; the page needs a fresh start.